 Dungeon Crawl Stone Soup version 0.30-a0-743-gbfdf073431 (webtiles) character file.

Game seed: 4390808623371080935

422 lunkers the Cutter (level 7, -25/57 HPs)
             Began as a Meteoran Fighter on Feb 6, 2023.
             Was a Believer of Qazlal.
             Annihilated by an ogre
             ... wielding a +0 giant club
              (28 damage)
             ... on level 5 of the Dungeon.
             The game lasted 00:05:10 (1757 turns).

lunkers the Cutter (Meteoran Fighter)               Turns: 1757, Time: 00:05:11

Health: -25/57     AC: 10    Str: 17    XL:     7   Next: 40%
Magic:  8/8        EV:  9    Int: 11    God:    Qazlal [**....]
Gold:   184        SH:  7    Dex: 15    Spells: 6/6 levels left

rFire   . . .      SeeInvis .    b - +1 dagger (speed)
rCold   . . .      Faith    .    c - +0 buckler
rNeg    . . .      Spirit   .    e - +0 scale mail
rPois   .          Reflect  .    (no helmet)
rElec   .          Harm     .    q - +2 cloak
rCorr   .          Rampage  .    (no gloves)
Will    .....                    (no boots) Stlth
                                 l - amulet of the acrobat
HPRegen 0.29/turn                (no ring)
MPRegen 0.11/turn                (no ring)

@: glowing
A: sense surroundings 1, otherworldly, glowing, explore regen
a: Renounce Religion, Upheaval


You were on level 5 of the Dungeon.
You worshipped Qazlal.
Qazlal was pleased with you.
You visited 1 branch of the dungeon, and saw 5 of its levels.

You collected 184 gold pieces.

Inventory:

Hand Weapons
 a - a +0 long sword
 b - a +1 dagger of speed (weapon)
 t - a +1 great sword of protection
Armour
 c - a +0 buckler (worn)
 e - a +0 scale mail (worn)
 q - a +2 cloak (worn)
Jewellery
 l - an amulet of the acrobat (around neck)
Scrolls
 f - 2 scrolls of torment {unknown}
 j - 4 scrolls of identify {unknown}
 k - a scroll of amnesia {unknown}
 m - a scroll of enchant weapon {unknown}
 n - 2 scrolls of immolation {unknown}
 o - a scroll of enchant armour {unknown}
 s - a scroll of brand weapon {unknown}
Potions
 d - a potion of haste {unknown}
 g - a potion of heal wounds {unknown}
 h - 2 potions of invisibility {unknown}
 i - a potion of brilliance {unknown}
 p - a potion of flight {unknown}
 r - a potion of attraction {unknown}


   Skills:
 - Level 3.2 Fighting
 * Level 7.2(7.5) Short Blades
 - Level 3.2(6.0) Long Blades
 - Level 3.6 Armour
 - Level 3.6 Shields


You had 6 spell levels left.
You didn't know any spells.
Your spell library contained the following spells:

 Spells                   Type           Power      Damage    Failure   Level
 Stone Arrow              Conj/Erth      0%         3d7       99%         3
 Animate Armour           Summ/Erth      0%         N/A       100%        4
 Lehudib's Crystal Spear  Conj/Erth      0%         10d2      100%        8


Dungeon Overview and Level Annotations

Branches:
Dungeon (5/15) Zot: 1417
 Temple: D:4-7

Altars:
Qazlal

Shops:
D:1 *   D:3 !


Innate Abilities, Weirdness & Mutations

You passively map a small area around you.
You are easily found by Zot.
You glow in the dark.
You regain HP and MP as you explore.


Message History

You hit the iguana but do no damage.
The iguana is almost dead.
The iguana bites you but does no damage.
You barely miss the iguana.
The iguana is almost dead.
You hit the iguana but do no damage.
The iguana is almost dead.
Unknown command.
You barely miss the iguana.
The iguana is almost dead.
The iguana closely misses you.
You hit the iguana.
You kill the iguana!
Qazlal accepts your kill.
You hit the ogre.
The ogre is lightly wounded.
You hit the ogre.
The ogre is moderately wounded.
The ogre hits you with a +0 giant club!
* * * LOW HITPOINT WARNING * * *
You hit the ogre.
The ogre is moderately wounded.
You hit the ogre.
The ogre is moderately wounded.
You barely miss the ogre.
The ogre is moderately wounded.
Okay, then.
You hit the ogre.
The ogre is heavily wounded.
You hit the ogre.
The ogre is heavily wounded.
The ogre completely misses you.
You hit the ogre.
The ogre is heavily wounded.
You hit the ogre.
The ogre is severely wounded.
You barely miss the ogre.
The ogre is severely wounded.
The ogre hits you with a +0 giant club!!
You die...

* , ..... ..#
...... ..# .
...... .. ,
.. , ......
,, .. ..
......##*
.##.# *,
........ ...
* * * ,
,.(.....###.#
#..O@.# *
#..##.#
#..###### * ,
#.........
#.#######.
##.#### ,#
#.....##.# *
#........#
#.....##.#.#


You could see an ogre.

Vanquished Creatures
  An ogre (D:4)
  A phantom (D:4)
  Blork the orc (D:4)
  A hound (D:5)
  Jessica (D:2)
  2 iguanas (D:5)
  2 adders (D:3)
  A white imp (D:4)
  A dart slug (D:2)
  An orc (D:3)
  6 endoplasms
  3 giant cockroaches
  5 goblins
  6 hobgoblins
  10 jackals
  3 kobolds
  2 quokkas
  5 ball pythons
  5 bats
  2 frilled lizards
  3 rats
62 creatures vanquished.

Notes
Turn   | Place    | Note
-------+----------+-------------------------------------------
     0 | D:1      | lunkers the Meteoran Fighter began the quest for the Orb.
     0 | D:1      | Reached XP level 1. HP: 19/19 MP: 2/2
   124 | D:1      | Reached XP level 2. HP: 26/26 MP: 3/3
   289 | D:1      | Reached skill level 1 in Short Blades
   428 | D:1      | Reached XP level 3. HP: 27/31 MP: 4/4
   475 | D:1      | Found Ulaleaf's General Store.
   503 | D:1      | Reached skill level 2 in Short Blades
   529 | D:1      | Glimpsed the power of Zot.
   729 | D:2      | Noticed Jessica
   740 | D:2      | Killed Jessica
   741 | D:2      | Reached skill level 3 in Short Blades
   741 | D:2      | Reached XP level 4. HP: 32/38 MP: 5/5
   870 | D:2      | Found a faded altar of an unknown god.
   883 | D:2      | Prayed at the altar of an unknown god.
   883 | D:2      | Became a worshipper of Qazlal Stormbringer
   883 | D:2      | Reached * piety under Qazlal
  1142 | D:3      | Found Farotasu's Distillery.
  1241 | D:3      | Reached XP level 5. HP: 45/45 MP: 6/6
  1278 | D:3      | Reached skill level 4 in Short Blades
  1418 | D:4      | Noticed a phantom
  1443 | D:4      | Noticed an ogre
  1452 | D:4      | Killed a phantom
  1453 | D:4      | Reached skill level 5 in Short Blades
  1453 | D:4      | Reached XP level 6. HP: 37/51 MP: 7/7
  1457 | D:4      | HP: 1/51 [ogre/+0 giant spiked club (30)]
  1463 | D:4      | Killed an ogre
  1464 | D:4      | Reached skill level 6 in Short Blades
  1491 | D:4      | Noticed Blork the orc
  1501 | D:4      | Killed Blork the orc
  1501 | D:4      | Reached ** piety under Qazlal
  1502 | D:4      | Reached XP level 7. HP: 35/57 MP: 8/8
  1672 | D:5      | Entered Level 5 of the Dungeon
  1716 | D:5      | Reached skill level 7 in Short Blades
  1749 | D:5      | HP: 2/57 [ogre/+0 giant club (13)]
  1757 | D:5      | Annihilated by an ogre

Illustrated notes

Levels and vault maps discovered:
D:1:      dpeg_arrival_central, layout_loops_cross, serial_shops, shop_statue,
          minmay_misc_feat_tiny, grunt_decor_junction
D:2:      minmay_wonky_spiral, layout_loops_ring,
          shapermc_ecumenical_altar_starsandcircs, minmay_quantized,
          uniq_jessica, uniq_crazy_yiuf_cottage
D:3:      layout_rooms, serial_shops, nicolae_shop_waterfront
D:4:      layout_cave_pools, minmay_manual_maat, uniq_blork_the_orc
D:5:      layout_basic, mainiacjoe_overflow_alcove_2, serial_shops, shop,
          minmay_ruined_shrine

Skill      XL: |  1  2  3  4  5  6  7 |
---------------+----------------------+-----
Long Blades    | 3 |  3.2
Short Blades   | 1 3 5 6 7 |  7.2
Fighting       | |  3.2
Armour         | |  3.6
Shields        | |  3.6

Action                     |  1- 3 |  4- 6 |  7- 9 || total
---------------------------+-------+-------+-------++-------
  Melee: Long sword        |    22 |       |       ||    22
         Dagger            |   114 |   178 |    79 ||   371
    Use: Potion            |       |     2 |       ||     2
 Armour: Scale mail        |    44 |    40 |     4 ||    88
  Dodge: Dodged            |    39 |    30 |    15 ||    84
  Block: Buckler           |    12 |    26 |     9 ||    47

Table legend: (Time is in decaauts)
 A = Elapsed time spent in this place.
 B = Non-inter-level travel time spent in this place.
 C = Inter-level travel time spent in this place.
 D = Time resting spent in this place.
 E = Time spent auto-exploring this place.
 F = Levels seen in this place.
 G = Mean time per level.
                   A        B        C        D        E       F      G
               +--------+--------+--------+--------+--------+-----+--------+
         Total |   1582 |   1531 |     51 |      0 |   1065 |   5 |  316.4 |
       Dungeon |   1582 |   1531 |     51 |      0 |   1065 |   5 |  316.4 |
               +--------+--------+--------+--------+--------+-----+--------+

Top non-repeatable levels by time:
     D:2: 562 daAuts
     D:1: 513 daAuts
     D:3: 234 daAuts
     D:4: 228 daAuts
     D:5: 43 daAuts
